 Dungeon Crawl Stone Soup version 0.31.0-7-gf635a9b802 (webtiles) character file.

Game seed: 12304814676234388565

433 jackrogers the Cleaver (level 6, -1/51 HPs)
             Began as a Minotaur Fighter on Jan 24, 2024.
             Was a Follower of Makhleb.
             Slain by a gnoll
             ... wielding a +2 halberd of venom
              (14 damage)
             ... on level 4 of the Dungeon.
             The game lasted 00:04:31 (3062 turns).

jackrogers the Cleaver (Minotaur Fighter)           Turns: 3062, Time: 00:04:33

Health: -1/51      AC:  8    Str: 23    XL:     6   Next: 67%
Magic:  5/5        EV:  9    Int:  5    God:    Makhleb [*.....]
Gold:   141        SH:  4    Dex:  9    Spells: 5/5 levels left

rFire   . . .        a - +0 war axe (chaos)
rCold   . . .        c - +0 buckler
rNeg    . . .        b - +0 scale mail
rPois   .            (helmet restricted)
rElec   .            (no cloak)
rCorr   .            (no gloves)
SInv    .            t - +0 pair of boots
Will    .....        (no amulet) Stlth
                     (no ring)
HPRegen 0.28/turn    (no ring)
MPRegen 0.09/turn

%: no passive effects
@: lethally poisoned (-1 -> -23)
A: horns 2, retaliatory headbutt
a: Renounce Religion


You were on level 4 of the Dungeon.
You worshipped Makhleb.
Makhleb was aware of your devotion.
You visited 1 branch of the dungeon, and saw 4 of its levels.

You collected 141 gold pieces.

Inventory:

Hand Weapons
 a - a +0 war axe of chaos (weapon)
 i - a +0 war axe
 j - a +0 trident
Missiles
 f - 5 boomerangs
 l - 6 datura-tipped darts (quivered)
 r - a throwing net
 s - 4 poisoned darts
Armour
 b - a +0 scale mail (worn)
 c - a +0 buckler (worn)
 t - a +0 pair of boots (worn)
Jewellery
 g - a +6 ring of dexterity
Scrolls
 m - 2 scrolls of identify {unknown}
 q - a scroll of silence {unknown}
Potions
 d - a potion of might
 e - 2 potions of degeneration {unknown}
 h - 3 potions of heal wounds {unknown}
 k - a potion of magic {unknown}
 n - a potion of enlightenment {unknown}
 o - a potion of lignification {unknown}
 p - a potion of berserk rage {unknown}


   Skills:
 - Level 3.6 Fighting
 + Level 8.7 Axes
 - Level 3.6 Armour
 - Level 3.6 Shields


You had 5 spell levels left.
You didn't know any spells.
Your spell library contained the following spells:

 Spells                   Type           Power      Damage    Failure   Level
 Scorch                   Fire           0%         2d5       94%         2
 Hailstorm                Conj/Ice       0%         3d5       99%         3
 Summon Ice Beast         Ice/Summ       0%         N/A       99%         3
 Flame Wave               Conj/Fire      0%         2d4       100%        4
 Sculpt Simulacrum        Ice/Alch       0%         N/A       100%        6
 Summon Cactus Giant      Summ           0%         N/A       100%        6


Dungeon Overview and Level Annotations

Branches:
Dungeon (4/15)
 Temple: D:4-7

Altars:
Ashenzari
Dithmenos
Makhleb
Qazlal

Shops:
D:1 :


Innate Abilities, Weirdness & Mutations

You have a pair of horns on your head.
You reflexively headbutt those who attack you in melee.


Message History

An endoplasm is nearby!
You barely miss the endoplasm. Your headbutt misses the endoplasm.
The endoplasm closely misses you. The endoplasm freezes you.
You are frozen.
You slash the endoplasm! You freeze the endoplasm.
You kill the endoplasm!
Makhleb accepts your kill.
You feel better.
No target in view!
No target in view!
Found a stone staircase leading down.
There is an open door here. 3 gnolls come into view.
A gnoll is wielding a +2 halberd of venom.
The gnoll shouts! x2
The gnoll hits you from afar with a +2 halberd of venom.
You are poisoned.
There are monsters nearby!
There are monsters nearby!
There are monsters nearby!
You feel very sick. The gnoll barely misses you.
The gnoll hits you with a +2 halberd of venom!
You are more poisoned.
You hit the gnoll.
The gnoll suddenly seems more resistant.
Your headbutt misses the gnoll.
The gnoll is moderately wounded.
You feel very sick. The gnoll hits you but does no damage.
The gnoll hits you with a +2 halberd of venom!
You are lethally poisoned!
You slash the gnoll! You freeze the gnoll. Your headbutt misses the gnoll.
The gnoll is almost dead.
* * * LOW HITPOINT WARNING * * *
You feel extremely sick. The gnoll barely misses you.
The gnoll hits you with a +2 halberd of venom!
You die...

##########
#........#
#.######.###
######.######...##
#.................
#@####.###....>.##
#g# #.# #.##...##
#g# #.# #.#.....#
#g# #.###.##...##
#.# #............
#.# #########.###
#.# #.# #.# ##'##
##...##


You could see 3 gnolls.

Vanquished Creatures
  A scorpion (D:4)
  2 bombardier beetles
  A howler monkey (D:4)
  2 sleepcaps (D:4)
  2 iguanas (D:4)
  4 gnolls
  4 adders
  2 dart slugs
  A ribbon worm (D:2)
  6 orcs (D:4)
  5 ball pythons
  6 bats
  9 endoplasms
  A giant cockroach (D:1)
  15 goblins
  7 hobgoblins
  3 quokkas
  6 frilled lizards
  2 kobolds
  3 rats
82 creatures vanquished.

Notes
Turn   | Place    | Note
-------+----------+-------------------------------------------
     0 | D:1      | jackrogers the Minotaur Fighter began the quest for the
                  | Orb.
     0 | D:1      | Reached XP level 1. HP: 19/19 MP: 0/0
    53 | D:1      | Reached skill level 3 in Axes
    80 | D:1      | Reached XP level 2. HP: 21/26 MP: 1/1
   524 | D:1      | Reached skill level 4 in Axes
   529 | D:1      | Found Pargh's Vocational Training.
   821 | D:1      | Reached XP level 3. HP: 31/31 MP: 2/2
   949 | D:2      | Found a burning altar of Makhleb.
   971 | D:2      | Became a worshipper of Makhleb the Destroyer
  1288 | D:2      | Reached skill level 5 in Axes
  1689 | D:3      | Reached XP level 4. HP: 39/39 MP: 3/3
  1983 | D:3      | Reached skill level 6 in Axes
  2048 | D:3      | Reached * piety under Makhleb
  2144 | D:3      | Found a shadowy altar of Dithmenos.
  2418 | D:3      | Reached XP level 5. HP: 37/45 MP: 4/4
  2519 | D:4      | Reached skill level 7 in Axes
  2671 | D:4      | Found a stormy altar of Qazlal.
  2723 | D:4      | Reached XP level 6. HP: 51/51 MP: 5/5
  2740 | D:4      | Reached skill level 8 in Axes
  2845 | D:4      | Found a broken altar of Ashenzari.
  3062 | D:4      | Slain by a gnoll

Illustrated notes

Levels and vault maps discovered:
D:1:      matt_arrival_diagonals, layout_basic, nicolae_eternal_life,
          nicolae_shop_vocational
D:2:      layout_basic, basic_altar
D:3:      layout_loops_corners, nicolae_dithmenos_through_a_glass_darkly
D:4:      layout_loops_corners, yredelemnul_forgotten_temple_becter,
          mainiacjoe_overflow_six_doors_small, kennysheep_little_box,
          nicolae_qazlal_general_emergency, minmay_goblin_outpost

Skill      XL: |  1  2  3  4  5  6 |
---------------+-------------------+-----
Axes           | 3 4 5 6 7 8 |  8.7
Fighting       | |  3.6
Armour         | |  3.6
Shields        | |  3.6

Action                     |  1- 3 |  4- 6 || total
---------------------------+-------+-------++-------
  Melee: War axe           |    78 |    45 ||   123
         Headbutt          |     6 |    17 ||    23
         Trident           |       |    40 ||    40
    Use: Scroll            |     1 |     1 ||     2
   Stab: Paralysed         |       |     1 ||     1
         Confused          |       |     1 ||     1
 Armour: Scale mail        |    42 |    27 ||    69
  Dodge: Dodged            |    34 |    21 ||    55
  Block: Buckler           |    13 |     8 ||    21
